[Event "FIDE Womens Candidates 2024"]
[Site "Toronto"]
[Date "2024.04.10"]
[Round "6.4"]
[White "Vaishali, Rameshbabu"]
[Black "Lagno, Kateryna"]
[Result "0-1"]
[ECO "C89"]
[WhiteElo "2475"]
[BlackElo "2542"]
[Annotator "TA"]
[PlyCount "58"]
[EventDate "2024.04.02"]
[EventType "tourn"]
[EventCountry "CAN"]
[SourceTitle "playchess.com"]
[Source "ChessBase"]
[SourceQuality "1"]
[TimeControl "40/5400+30:1800+30"]

1. e4 e5 2. Nf3 Nc6 3. Bb5 a6 4. Ba4 Nf6 5. O-O Be7 6. Re1 b5 7. Bb3 O-O 8. c3 d5 9. exd5 Nxd5 10. d3 Bb7 11. a4 b4 12. a5 Kh8 13. d4 {[%emt 0:07:50] The position is equal.} bxc3 (13... exd4 $11 14. cxd4 Bf6) 14. bxc3 (14. Nxc3 $14 Nxc3 15. bxc3) 14... exd4 $11 15. cxd4 Ncb4 16. Bc4 c5 17. Bb2 cxd4 18. Qxd4 Bf6 19. Qd2 Bxb2 20. Qxb2 {[%emt 0:00:10] [#] Bxd5 would now be deadly.} Nf4 {[%emt 0:01:52] Threatens to win with ...Bxf3.} 21. Qxb4 $2 {[%emt 0:26:57] Loses the game.} (21. Re3 $1 $11 {and White is okay.}) 21... Bxf3 $19 22. g3 ({But not} 22. Bf1 $2 Nxg2 (22... Nh3+ 23. Kh1 $17) 23. Re5 (23. Bxg2 $2 {gets mated.} Qg5) 23... Qf6 $19) (22. Qe7 Nxg2 (22... Bxg2 23. Qxd8 Rfxd8 24. Nc3 $19) 23. Qxd8 Rfxd8 (23... Raxd8 $2 24. Rc1 $19) 24. Rc1) 22... Qd4 {[%emt 0:13:10] ( -> ...Nh3+)} 23. Ra2 $2 (23. gxf4 Qxa1 24. Bf1) 23... Nd3 24. Rd2 Nxb4 25. Rxd4 Nc2 $1 26. Rdd1 Nxe1 27. Rxe1 Rfe8 28. Rc1 Rac8 {[%emt 0:00:33][%cal Oc8c4] [#] White must now prevent ...Rxc4!} 29. Nd2 (29. Na3 $142) 29... Bd5 {[%emt 0:00:29] Weighted Error Value: White=0.99/Black=0.52.  Loses game:     	White=1     	---        Mistake:       	White=4     	Black=1      Inaccurate:     	White=1     	Black=2      OK:         	White=4     	Black=9      Best:        	White=1     	Black=3} 0-1

[Event "FIDE Womens Candidates 2024"]
[Site "Toronto"]
[Date "2024.04.11"]
[Round "7.1"]
[White "Goryachkina, Aleksandra"]
[Black "Tan, Zhongyi"]
[Result "1/2-1/2"]
[ECO "D30"]
[WhiteElo "2553"]
[BlackElo "2521"]
[Annotator "TA"]
[PlyCount "80"]
[EventDate "2024.04.02"]
[EventType "tourn"]
[EventCountry "CAN"]
[SourceTitle "playchess.com"]
[Source "ChessBase"]
[SourceQuality "1"]
[TimeControl "40/5400+30:1800+30"]

1. d4 d5 2. c4 e6 3. Nf3 a6 4. Bg5 Be7 5. Bxe7 Qxe7 6. Nbd2 Nf6 7. g3 O-O 8. Bg2 b6 9. O-O c5 10. dxc5 bxc5 11. Qc2 Bb7 12. cxd5 exd5 13. Nb3 Nbd7 14. Na5 Rab8 15. Nxb7 Rxb7 16. Rfd1 Rfb8 17. b3 a5 18. Ng5 Qe5 19. Qd2 Re8 20. Bxd5 (20. Nh3 {looks sharper.} a4 21. Nf4 axb3 22. axb3 Rxb3 23. Bxd5 Rb2 24. Qc1) 20... Qxd5 21. Qxd5 Nxd5 22. Rxd5 h6 23. Nf3 {[%emt 0:11:46] Hoping for Rad1.} Rxe2 24. Kf1 Rb2 {[%emt 0:05:30] The position is equal.} 25. Rad1 Nf6 26. Rd8+ Kh7 27. R1d2 Rb1+ 28. Kg2 a4 $1 29. bxa4 Ne4 30. Re2 f5 31. a5 R7b2 $1 32. Nd2 $1 {[%emt 0:03:57] [#] Strongly threatening a6.} Ra1 33. a4 Nf6 34. a6 {[%emt 0:02:52] Black must now prevent a7.} Rxa4 35. Re5 Rxa6 {[%emt 0:03:50] [#] And now ...Raa2 would win.} 36. Nc4 Ng4 (36... Rc2 $5 37. Ne3 $8 Ng4 38. Nxc2 Nxe5 $16) 37. Nxb2 Nxe5 38. Rd5 Ra2 39. Rxe5 Rxb2 40. Rxc5 Kg6 {[%emt 0:00:00] Weighted Error Value: White=0.04 (flawless) /Black=0.04 (flawless) .  Inaccurate:     	White=2     	Black=1      OK:         	White=16    	Black=14     Best:        	---       	Black=4      Strong:       	White=1     	Black=2} 1/2-1/2

[Event "FIDE Womens Candidates 2024"]
[Site "Toronto"]
[Date "2024.04.11"]
[Round "7.2"]
[White "Lagno, Kateryna"]
[Black "Salimova, Nurgyul"]
[Result "1/2-1/2"]
[ECO "C60"]
[WhiteElo "2542"]
[BlackElo "2432"]
[Annotator "TA"]
[PlyCount "81"]
[EventDate "2024.04.02"]
[EventType "tourn"]
[EventCountry "CAN"]
[SourceTitle "playchess.com"]
[Source "ChessBase"]
[SourceQuality "1"]
[TimeControl "40/5400+30:1800+30"]

1. e4 e5 2. Nf3 Nc6 3. Bb5 Nge7 4. O-O Ng6 5. d4 exd4 6. Nxd4 Bc5 7. Be3 Nxd4 8. Bxd4 Bxd4 9. Qxd4 {[%emt 0:00:04] White has an edge.} Qg5 {[%emt 0:00:09] [#] White must now prevent ...Nh4.} 10. e5 {[%emt 0:18:22] White wants to play f4.} Nf4 (10... Qxe5 $2 11. Qxe5+ Nxe5 12. Re1 $18) 11. g3 a6 12. Bc4 (12. Bd3 {simplifies} Nxd3 13. cxd3 O-O 14. f4) 12... b5 13. Qxf4 Qxf4 14. gxf4 bxc4 {[%emt 0:00:06] Black is weak on the dark squares} 15. Nd2 O-O 16. Nxc4 f6 17. Rad1 a5 18. Ne3 {[%emt 0:10:12] White is more active.} (18. Rfe1 $16) 18... fxe5 $14 19. fxe5 Ra6 20. f4 Rg6+ 21. Ng2 Bb7 22. Rf2 d6 23. exd6 cxd6 24. f5 Rh6 (24... Rxg2+ 25. Rxg2 Bxg2 26. Kxg2 Rxf5 27. Rd3 $11 (27. Rxd6 Rb5 $14)) 25. Rd4 Re8 26. Rfd2 Kf8 27. Rxd6 Rxd6 28. Rxd6 {[%emt 0:00:02][%mdl 4096] Endgame. KRB-KRN} Re2 (28... Bxg2 {simplifies} 29. Kxg2 Re2+ 30. Kg3 Rxc2 31. Rb6 a4) 29. Nf4 Rxc2 30. Rd7 Bc8 {[%emt 0:01:48] The position is equal.} 31. Ne6+ Ke8 32. Rxg7 (32. Nxg7+ $2 {is the wrong capture.} Kxd7 33. f6 Rxb2 $19) 32... Bxe6 33. fxe6 Rxb2 $11 {[%emt 0:00:11] KR-KR} 34. a4 Rb4 35. Rxh7 Rxa4 36. Kf2 Re4 37. Ra7 Rxe6 38. Rxa5 Kf7 39. Kg3 Rg6+ 40. Kf4 Rh6 41. Ra7+ {[%emt 0:00:20] Weighted Error Value: White=0.07 (flawless) /Black=0.05 (flawless) .  Mistake:       	White=1     	---        Inaccurate:     	White=3     	Black=2      OK:         	White=11    	Black=18     Best:        	---       	Black=3} 1/2-1/2

[Event "FIDE Womens Candidates 2024"]
[Site "Toronto"]
[Date "2024.04.13"]
[Round "8.1"]
[White "Tan, Zhongyi"]
[Black "Lei, Tingjie"]
[Result "0-1"]
[ECO "D02"]
[WhiteElo "2521"]
[BlackElo "2550"]
[Annotator "TA"]
[PlyCount "101"]
[EventDate "2024.04.02"]
[EventType "tourn"]
[EventCountry "CAN"]
[SourceTitle "playchess.com"]
[Source "ChessBase"]
[SourceQuality "1"]
[TimeControl "40/5400+30:1800+30"]

1. d4 d5 2. Nf3 Nf6 3. Bf4 c5 4. e3 Nc6 5. Nbd2 Bg4 6. c3 e6 7. Qb3 Qc8 8. h3 Bh5 9. Nh4 {[%emt 0:01:35] The position is equal.} Be7 10. g4 Bg6 11. Nxg6 hxg6 12. Be2 a6 13. h4 b5 14. h5 c4 15. Qd1 Qd8 16. Rg1 gxh5 17. gxh5 Bd6 18. Bg5 Be7 19. Bf4 Bd6 20. Bg5 Be7 21. f4 (21. Bf3 $11) 21... Rb8 22. a3 a5 23. Bh4 Kf8 (23... Nxh5 $5 24. Bxe7 Qxe7 $17) 24. Bg3 Bd6 {[%emt 0:01:43] Black is more active.} 25. Bh4 Ne7 26. Bxf6 gxf6 27. Bf1 b4 28. axb4 axb4 29. Bh3 f5 30. Qf3 (30. Bg2 $17 {keeps fighting.}) 30... Bc7 $19 31. Ke2 Ng8 (31... Nc8 $19 32. Qg3 Rxh5) 32. Qg3 $17 {[%emt 0:01:05] Strongly threatening Qg7+.} Nf6 33. h6 Ke7 (33... Rxh6 $2 34. Qg7+ Ke7 35. Qxh6 $18) 34. Qg5 Qf8 (34... Kd7 $17 {...bxc3 is the strong threat.} 35. Rg2 Rh7 36. Bxf5 exf5 37. Qxf5+ Ke7) 35. Ra7 $15 Rc8 {[%emt 0:00:09] Really sharp!} 36. Bg2 $2 {[%emt 0:01:36] Loses the game.} (36. Bxf5 $1 $15 exf5 37. Rh1) 36... Rxh6 $19 (36... Qxh6 37. Qxh6 Rxh6 38. cxb4 $17) 37. Nf3 Rh5 38. Qg3 Ne4 39. Qe1 {[%emt 0:00:04] [#]} bxc3 $1 40. bxc3 Qg7 {[%emt 0:00:00][%cal Oc8b8] Threatens to win with ...Rb8!} 41. Bf1 (41. Kd1 $142) 41... Qh8 {[%emt 0:06:21][%cal Oh5h2] And now ...Rh2+! would win.} (41... Rh2+ 42. Kd1 Rb8 43. Qh4+ (43. Rxg7 $2 Rb1#) (43. Rxc7+ $2 {loses.} Kd6 $19) 43... Rxh4 44. Rxg7 (44. Rxc7+ $2 {perishes.} Kd6 $19) 44... Nxc3+ 45. Kd2 $11) 42. Qa1 $2 (42. Bg2) 42... Kf6 {[%emt 0:07:28][%cal Oc8g8] aiming for ...Rg8!} 43. Rg2 Rh3 {[%emt 0:02:10][%cal Oh3f3] ( -> ...Rxf3!)} 44. Ne5 Qh5+ 45. Ke1 Rxe3+ 46. Re2 Qh4+ 47. Kd1 Rxe2 48. Bxe2 Qxf4 (48... Qf2 $142 49. Qc1 Rh8 (49... Bxe5 50. fxe5+ Kg7 51. Ra6 Rh8 52. Kc2 Qxe2+ 53. Kb1 Nd2+ 54. Ka2 Rb8 55. Qg1+ Kf8 56. Qc1 Nb3+ 57. Kb1 Nxc1+ 58. Rb6 Rxb6+ 59. Kxc1 Qg2 60. Kd1 Rb1#)) 49. Qb2 {[%emt 0:01:39] [#]} Rh8 $1 50. Bf3 Rh2 51. Qc1 {[%emt 0:00:00] Weighted Error Value: White=0.68/Black=0.14 (very precise) .  Loses game:     	White=1     	---        Mistake:       	White=4     	Black=2      Inaccurate:     	White=6     	Black=2      OK:         	White=8     	Black=21     Best:        	White=4     	Black=1} 0-1

[Event "FIDE Womens Candidates 2024"]
[Site "Toronto"]
[Date "2024.04.13"]
[Round "8.3"]
[White "Lagno, Kateryna"]
[Black "Goryachkina, Aleksandra"]
[Result "1/2-1/2"]
[ECO "C78"]
[WhiteElo "2542"]
[BlackElo "2553"]
[Annotator "TA"]
[PlyCount "68"]
[EventDate "2024.04.02"]
[EventType "tourn"]
[EventCountry "CAN"]
[SourceTitle "playchess.com"]
[Source "ChessBase"]
[SourceQuality "1"]
[TimeControl "40/5400+30:1800+30"]

1. e4 e5 2. Nf3 Nc6 3. Bb5 a6 4. Ba4 Nf6 5. O-O b5 6. Bb3 Bc5 7. a4 Rb8 8. axb5 axb5 {[%emt 0:00:36][%cal Oe8g8] [#]} 9. Nxe5 $1 Nxe5 10. d4 Bxd4 11. Qxd4 d6 12. f4 Nc6 13. Qd3 O-O 14. Nc3 Nb4 15. Qd2 Be6 16. Bxe6 fxe6 17. Ne2 Nc6 18. Ng3 Qd7 19. b3 e5 20. Bb2 Rbe8 21. Rf3 Qe6 22. Re1 exf4 23. Rxf4 Ne5 24. Rf5 Nfd7 25. Ref1 g6 26. Rxf8+ Rxf8 27. Rxf8+ Nxf8 28. h3 Nfd7 29. Ne2 Nf6 30. Nf4 Qf7 31. Qb4 Nfg4 {[%emt 0:06:19] [#]} 32. Qd2 (32. Bc1 $1 $16 Nf6 (32... g5 $2 33. hxg4 gxf4 34. Qxb5 $18) 33. Qxb5) 32... Nf6 $14 33. Qb4 ({White should try} 33. Qa5 $14) 33... Nfg4 $16 {[%emt 0:00:52] [#] A dynamic duo of knights.} 34. Qd2 (34. Bc1 $1 $16 Nf6 (34... g5 $2 35. hxg4 gxf4 36. Qxb5 $18) 35. Qxb5) 34... Nf6 {[%emt 0:01:54] Weighted Error Value: White=0.17 (very precise) /Black=0.10 (very precise) .  Mistake:       	White=3     	Black=1      Inaccurate:     	White=2     	Black=1      OK:         	White=8     	Black=10     Best:        	White=1     	Black=1} 1/2-1/2

[Event "FIDE Womens Candidates 2024"]
[Site "Toronto"]
[Date "2024.04.14"]
[Round "9.3"]
[White "Vaishali, Rameshbabu"]
[Black "Tan, Zhongyi"]
[Result "0-1"]
[ECO "B22"]
[WhiteElo "2475"]
[BlackElo "2521"]
[Annotator "TA"]
[PlyCount "42"]
[EventDate "2024.04.02"]
[EventType "tourn"]
[EventCountry "CAN"]
[SourceTitle "playchess.com"]
[Source "ChessBase"]
[SourceQuality "1"]
[TimeControl "40/5400+30:1800+30"]

1. e4 c5 2. c3 e6 3. d4 d5 4. exd5 exd5 5. Nf3 a6 6. Bd3 c4 7. Bc2 Bd6 8. O-O Ne7 {[%emt 0:00:05] Active counter play! The position is equal.} 9. b3 {[%emt 0:07:32] Black must now prevent bxc4.} cxb3 10. axb3 O-O 11. Ng5 g6 12. Qf3 Qc7 13. h4 Nbc6 (13... h5 {simplifies} 14. Ba3 Kg7 15. Bxd6 Qxd6 16. Nh3 Bxh3 17. Qxh3 Nd7) 14. Ba3 Kg7 15. Re1 h5 16. c4 {[%emt 0:21:06] [#]} (16. Bxd6 $11 Qxd6 17. Nh3) 16... f6 $1 $17 17. Bxd6 Qxd6 18. c5 (18. Nh3 $17 {is the only way for White.}) 18... Qc7 19. Nh3 Nxd4 20. Qe3 {[%emt 0:00:13] [#]} (20. Qf4 Qxc5 (20... Nxc2 $2 {perishes.} 21. Qxc7 Nxe1 22. Qxe7+ $18) 21. Rxe7+ Qxe7 22. Qxd4 Qe1+ 23. Kh2) 20... Nxc2 $19 (20... Nec6 $2 21. Na3 Bxh3 22. Qxh3 $19) 21. Qxe7+ Rf7 {[%emt 0:00:25] Weighted Error Value: White=0.55/Black=0.09 (flawless) .  Mistake:       	White=3     	---        Inaccurate:     	White=1     	---        OK:         	White=4     	Black=5      Best:        	White=1     	Black=1      Strong:       	---       	Black=1} 0-1

[Event "FIDE Womens Candidates 2024"]
[Site "Toronto"]
[Date "2024.04.15"]
[Round "10.1"]
[White "Tan, Zhongyi"]
[Black "Koneru, Humpy"]
[Result "1/2-1/2"]
[ECO "C45"]
[WhiteElo "2521"]
[BlackElo "2546"]
[Annotator "TA"]
[PlyCount "144"]
[EventDate "2024.04.02"]
[EventType "tourn"]
[EventCountry "CAN"]
[SourceTitle "playchess.com"]
[Source "ChessBase"]
[SourceQuality "1"]
[TimeControl "40/5400+30:1800+30"]

1. e4 e5 2. Nf3 Nc6 3. d4 exd4 4. Nxd4 Bc5 5. Nb3 Bb6 6. Nc3 Qf6 7. Qe2 Nge7 8. Be3 d6 {[%emt 0:01:40] C45: Scotch Game.} 9. O-O-O Bd7 {[%emt 0:02:28] now supersedes 9...Be6.} 10. Qd2 $146 ({Predecessor:} 10. g3 h5 11. Bg2 h4 12. f4 O-O-O 13. Bxb6 axb6 14. Kb1 Qg6 15. Qf2 f5 16. Rde1 fxe4 17. Bxe4 {1-0 Mchedlishvili,M (2587)-Erdos,V (2615) Abu Dhabi op Blitz 27th 2021 (5)}) 10... O-O-O 11. Nd5 Bxe3 12. Qxe3 Qe5 13. Bc4 Rhe8 14. f4 Qh5 15. h3 f5 16. e5 Nxd5 17. Bxd5 Qh6 18. Kb1 Rxe5 19. Qf3 Re7 20. Nd4 Rde8 21. Nxc6 bxc6 22. Bxc6 Bxc6 23. Qxc6 Qxf4 24. Qa6+ Kd8 25. Qxa7 Re2 26. Qb8+ Kd7 27. Qb5+ Kc8 28. Qa6+ Kd8 29. Qa5 R8e4 30. g4 Qe5 31. Qa8+ Kd7 32. gxf5 Rc4 33. Qd5 Qxd5 (33... Rcxc2 $2 $18 {loses.}) 34. Rxd5 Rcxc2 35. Rb5 Rg2 36. a4 Rc4 37. a5 Kc6 38. Rb8 Ra4 39. Rc1+ Kd5 40. Rxc7 Rxa5 41. Rg8 Rb5 42. Rc2 Rxc2 43. Kxc2 Rb7 44. Kc3 Ke5 45. b4 d5 46. Rd8 Ke4 47. Rd6 Rc7+ 48. Kd2 Ke5 49. Rb6 Kxf5 50. Kd3 Ke5 51. Rb8 Rc4 52. b5 Kd6 53. Rb7 Rh4 54. Rxg7 Rxh3+ 55. Kd4 Rh4+ 56. Kc3 Kc5 57. Rb7 $2 (57. Rg5 $11) 57... h5 $19 58. b6 Kc6 $2 (58... Rh1 $19 {...h4 would now be deadly.} 59. Rd7 Kxb6 60. Rxd5 h4) 59. Rb8 $11 Rc4+ 60. Kd3 (60. Kd2 {simplifies} Rg4 61. Rh8 Kxb6 62. Rxh5 Kc5 63. Rh3) 60... Rb4 61. Rh8 (61. Kc3 {simplifies} Rxb6 62. Rh8 Kc5 63. Rxh5 Rg6 64. Kd3) 61... h4 (61... Rxb6 {simplifies} 62. Rxh5 Kc5 63. Rh1 Rb3+) 62. Rh6+ (62. Rh5 {simplifies} Kc5 63. Rh6 Rxb6 64. Rxh4 Ra6 65. Kd2) 62... Kc5 63. b7 (63. Kc2 {simplifies} Rxb6 64. Rxh4 Rb7 65. Rh3) 63... Rb3+ (63... Rxb7 {simplifies} 64. Rxh4 Rg7 65. Rh8 Rg3+) 64. Kc2 Rxb7 65. Rxh4 d4 66. Rh8 Re7 67. Kd3 Re3+ 68. Kd2 Rg3 69. Rc8+ Kd5 70. Rd8+ Kc4 71. Rc8+ Kd5 72. Rd8+ Kc4 1/2-1/2

[Event "FIDE Womens Candidates 2024"]
[Site "Toronto"]
[Date "2024.04.15"]
[Round "10.2"]
[White "Lagno, Kateryna"]
[Black "Muzychuk, Anna"]
[Result "1/2-1/2"]
[ECO "C83"]
[WhiteElo "2542"]
[BlackElo "2520"]
[Annotator "TA"]
[PlyCount "119"]
[EventDate "2024.04.02"]
[EventType "tourn"]
[EventCountry "CAN"]
[SourceTitle "playchess.com"]
[Source "ChessBase"]
[SourceQuality "1"]
[TimeControl "40/5400+30:1800+30"]

1. e4 e5 2. Nf3 Nc6 3. Bb5 a6 4. Ba4 Nf6 5. O-O Nxe4 6. d4 b5 7. Bb3 d5 8. dxe5 Be6 9. c3 Be7 10. Bc2 Bg4 11. a4 {[%emt 0:00:28] [#] Threatens to win with axb5.} b4 12. h3 Bh5 13. Bb3 Nxe5 14. Bxd5 Bxf3 15. gxf3 Nc5 (15... Nxf3+ $5 16. Kg2 (16. Kh1 Qd6 $11) 16... Nh4+ 17. Kh1 Nf6 $11) 16. f4 c6 $1 17. Bg2 Qxd1 18. Rxd1 Rd8 $1 19. Rxd8+ Kxd8 20. cxb4 ({Much weaker is} 20. fxe5 Nb3 21. Bxc6 Nxa1 $15) 20... Nb3 {[%emt 0:00:16][%csl LRa1,LRb4,LRc1] [#] ...Nd3 is the strong threat.} 21. Ra3 Nxc1 22. fxe5 Bxb4 23. Re3 {[%emt 0:02:06][%cal Oe3e4] The position is equal.} Ke7 24. Bxc6 Rd8 25. Nc3 Bxc3 26. bxc3 Rd3 27. Rxd3 Nxd3 $11 {[%emt 0:00:03][%mdl 4096] Endgame. KB-KN} 28. a5 Nxe5 29. Bb7 Nc4 30. Bxa6 Nxa5 31. Kf1 Kd6 32. Bd3 h6 33. Ke2 Ke5 34. Ke3 g5 35. Bb5 f5 36. Be2 Nb3 37. Bc4 Nc5 38. Bf7 Ne4 39. c4 Nc5 40. Kf3 $1 Nd3 41. Ke3 Nf4 42. c5 Nxh3 {[%emt 0:00:34] White must now prevent ...Nf4.} 43. c6 $1 {[%emt 0:02:23] c7 would kill now.} Kd6 {[%emt 0:00:08][%cal Oh3f4] And now ...Nf4! would win.} 44. Bg6 Kxc6 45. Bxf5 Nf4 46. Ke4 Kd6 47. Bc8 Ke7 48. Kf5 Kf7 49. Bb7 Kg7 50. Ba6 Nh3 51. f3 Nf4 52. Bc4 Ng2 {[%emt 0:00:56] ( -> ...Ne3+)} 53. Bb5 Nh4+ 54. Kg4 Ng6 55. Kf5 $1 Nh4+ 56. Kg4 Ng2 57. Kf5 Ne3+ 58. Ke4 Nc2 59. Be8 Kf6 60. Bh5 {[%emt 0:00:12] An even fight not without its subleties.   Weighted Error Value: White=0.02 (flawless) /Black=0.01 (flawless) .  Inaccurate:     	---       	Black=1      OK:         	White=29    	Black=23     Best:        	White=6     	Black=2      Strong:       	White=3     	Black=2} 1/2-1/2

[Event "FIDE Womens Candidates 2024"]
[Site "Toronto"]
[Date "2024.04.15"]
[Round "10.3"]
[White "Goryachkina, Aleksandra"]
[Black "Lei, Tingjie"]
[Result "0-1"]
[ECO "D14"]
[WhiteElo "2553"]
[BlackElo "2550"]
[Annotator "RC"]
[PlyCount "130"]
[EventDate "2024.04.02"]
[EventType "tourn"]
[EventCountry "CAN"]
[SourceTitle "playchess.com"]
[Source "ChessBase"]
[SourceQuality "1"]
[TimeControl "40/5400+30:1800+30"]

1. d4 Nf6 2. c4 c6 3. Nc3 d5 4. cxd5 cxd5 5. Bf4 Nc6 6. e3 Bf5 7. Bb5 e6 8. Nf3 Nd7 9. O-O Rc8 10. Ne5 Ndxe5 11. Bxe5 a6 12. Bxc6+ Rxc6 13. Rc1 f6 14. Bg3 Be7 15. Na4 Rxc1 16. Qxc1 Kf7 17. Qc3 h5 18. h3 h4 19. Bh2 Qd7 20. Nb6 Qb5 21. Qc7 Qxb2 22. Bd6 Re8 23. Rc1 Kg6 24. Bxe7 Rxe7 25. Qc5 Kh6 26. a4 a5 27. Nc8 Rd7 28. Qc3 Qb4 29. Qc5 Kh7 30. Qa7 Qd2 31. Qc5 Bd3 32. Nb6 Rd6 33. Qxd6 Qxc1+ 34. Kh2 Bf5 35. Nd7 Qc2 36. Nf8+ Kh6 37. f3 Qf2 38. Qf4+ g5 39. Qc7 Qg3+ 40. Qxg3 hxg3+ 41. Kxg3 e5 42. e4 dxe4 43. fxe4 Bc8 44. d5 Kg7 45. Ne6+ Kf7 46. Kf2 b6 47. g3 Bd7 48. h4 gxh4 49. gxh4 Bxa4 50. h5 Bb5 51. Ke3 a4 52. h6 Kg6 53. Kd2 Kxh6 54. d6 Kh5 55. Nf8 Kg5 56. d7 Bxd7 57. Nxd7 a3 58. Kc2 b5 59. Kb3 b4 60. Ka2 f5 61. Nxe5 Kf4 62. Nd3+ Kxe4 63. Nxb4 f4 64. Na6 f3 65. Nc5+ Ke3 0-1

[Event "FIDE Womens Candidates 2024"]
[Site "Toronto"]
[Date "2024.04.17"]
[Round "11.2"]
[White "Tan, Zhongyi"]
[Black "Lagno, Kateryna"]
[Result "1-0"]
[ECO "E06"]
[WhiteElo "2521"]
[BlackElo "2542"]
[Annotator "TA"]
[PlyCount "93"]
[EventDate "2024.04.02"]
[EventType "tourn"]
[EventCountry "CAN"]
[SourceTitle "playchess.com"]
[Source "ChessBase"]
[SourceQuality "1"]
[TimeControl "40/5400+30:1800+30"]

1. Nf3 d5 2. g3 Nf6 3. Bg2 e6 4. O-O Be7 5. d4 O-O 6. Nbd2 c5 7. dxc5 Bxc5 8. c4 Nc6 9. e3 b6 10. b3 Bb7 11. Bb2 dxc4 12. Nxc4 Qe7 13. Ng5 e5 14. Ne4 Nxe4 15. Bxe4 Rad8 16. Qf3 f5 17. Bd5+ Kh8 18. Bxc6 e4 19. Qf4 Bxc6 20. Rfd1 Bd5 21. Ne5 Kg8 22. h4 Qe6 23. Nc4 Be7 (23... Bxc4 $5 24. bxc4 Qf7 $14) 24. Rac1 h6 25. Qc7 b5 (25... Rd7 $11 {was preferrable.} 26. Qe5 Qf7) 26. Ne5 (26. Qe5 $1 $14 Rf6 (26... bxc4 27. Qxg7#) 27. Qxe6+ Rxe6 28. Na3) 26... Bf6 $11 27. Rc5 {[%emt 0:00:14] [#]} (27. Rd2 $11 {and White has nothing to worry.} Rc8 28. Qd7 Rxc1+ (28... Bxe5 29. Qxe6+ Bxe6 30. Rxc8 $11) 29. Bxc1) 27... Rfe8 $2 (27... f4 $1 $19 28. exf4 e3 29. fxe3 (29. Rxb5 $2 Be4 $19) 29... Qh3 30. Rdxd5 (30. Rcxd5 Qxg3+ 31. Kh1 Qh3+ 32. Kg1 Rxd5 $19) 30... Qxg3+ 31. Kf1 Qh3+ (31... Qxe3 32. Rxd8 Rxd8 33. Qf7+ Kh8 34. Ng6+ Kh7 35. Nf8+ Rxf8 36. Qxf8 $11) (31... Bxh4 32. Nd3 $11) 32. Ke2 Rxd5 (32... Bxh4 $2 33. Nd3 $18) 33. Rxd5 Qg2+ (33... Qxh4 $2 34. Bd4 $18) 34. Kd3 Qxd5+ 35. Bd4 Bxh4 36. Qxa7 Ra8) 28. Rxb5 (28. Nc6 $2 Rc8 (28... Bxc6 $2 29. Rxd8 Rxd8 30. Rxc6 $18) 29. Qf4 Bxb2 $19 (29... Rxc6 30. Rxc6 Qxc6 31. Bxf6 $17) (29... Bxc6 30. Rd6 $17)) 28... Bxb3 $2 (28... Bxe5 $6 29. Bxe5 Rd7 (29... Qxe5 $2 30. Qa5 $18) 30. Qc3 $18) (28... f4 $1 $11 29. exf4 (29. gxf4 Bxe5 30. Bxe5 Qg4+ 31. Kh2 Qxh4+ 32. Kg2 Qg4+ 33. Kh2 Qh5+ 34. Kg2 Qf3+ 35. Kh2 Qxf2+ 36. Kh1 Qf3+ 37. Kh2 Qe2+ 38. Kg3 Qxe3+ 39. Kg2 Qf3+ 40. Kh2 Qf2+ 41. Kh1 Qh4+ 42. Kg2 Rxe5 $19) 29... e3 30. fxe3 Qh3 31. Rdxd5 (31. Rbxd5 Qxg3+ 32. Kh1 Qh3+ 33. Kg1 Qg3+ 34. Kh1 Qh3+ 35. Kg1 Qg3+ $11) 31... Qxg3+ 32. Kf1 Qh3+ 33. Kg1 Qg3+ (33... Qxh4 $2 34. Qf7+ Kh7 35. Qg6+ Kh8 36. Nf3 $18) (33... Qxe3+ 34. Kg2 $11) 34. Kf1 Qh3+ 35. Kg1 Qg3+ (35... Qxh4 $2 36. Qf7+ Kh7 37. Qg6+ Kh8 38. Nf3 $18) (35... Qxe3+ 36. Kg2 $11)) 29. Rxd8 $18 Bxd8 30. Qxa7 Bd1 $2 (30... Bd5 31. Nc6 Bf6) 31. Nc6 Bf6 32. Bxf6 Qxf6 33. Qd7 Bh5 34. Rxf5 Qa1+ 35. Kh2 Qxa2 {[%emt 0:00:13] [#]} 36. g4 (36. Rxh5 Qxf2+ 37. Kh3 Qf1+ 38. Kh2 Qe2+ 39. Kh3 Qxh5 40. Ne7+ Kh8 $17) (36. Ne7+ $142 $1 Rxe7 (36... Kh7 37. Nd5) 37. Qxe7) 36... Bg6 (36... Qe6 {was necessary.} 37. Qxe6+ Rxe6) 37. h5 Bxf5 (37... Qe6 $142 38. Qxe6+ Rxe6) 38. Qxe8+ $18 Kh7 39. Kg3 ({Inferior is} 39. gxf5 Qxf2+ 40. Kh1 Qf1+ 41. Kh2 Qf2+ 42. Kh3 Qxe3+ 43. Kg2 Qe2+ (43... Qf3+ 44. Kh2 $11) 44. Kg1 Qe3+ 45. Kf1 Qf3+ 46. Kg1 (46. Ke1 Qc3+ 47. Kd1 Qd3+ 48. Ke1 e3 $11) 46... Qd1+ (46... Qxf5 47. Ne5 $11) 47. Kf2 e3+ 48. Qxe3 Qc2+ 49. Kg3 Qxc6 $11) 39... Be6 $2 (39... Qe6 40. Qxe6 (40. Ne7 Bxg4 41. Qg6+ Kh8 $11) 40... Bxe6) 40. Nd4 $2 (40. g5 Bg8 41. Qxe4+ Kh8 42. gxh6) 40... Bd5 $2 (40... Bg8 41. Qxe4+ Kh8) 41. Qe5 Ba8 (41... Bg8 $18 42. Nf5 (42. Qxe4+ Kh8 $18) 42... Qa7 43. Qxe4 Qc7+ 44. f4 Kh8) 42. Ne6 Qa7 43. Qf5+ Kg8 44. Qf8+ Kh7 45. g5 hxg5 46. Nxg5+ Kh6 47. Kh4 1-0